[Event "Titled Tuesday Blitz June 28 Early 2022"]
[White "Agasarov, Benik"]
[Black "Baches Garcia, Guillermo"]
[WhiteFideId "13314823"]
[BlackFideId "2209764"]
[WhiteElo "2702"]
[BlackElo "2493"]
[Result "0-1"]
[Round "07"]
[TimeControl "180+1"]
[Date "2022.06.28"]
[WhiteClock "0:00:30"]
[BlackClock "0:00:20"]

1. c4 Nf6 2. Nc3 e5 3. Nf3 Nc6 4. g3 d5 5. cxd5 Nxd5 6. Bg2 Nb6 7. O-O Be7 8. b3 O-O 9. Bb2 Re8 10. Rc1 Bf8 11. d3 Nd4 12. Nxd4 exd4 13. Nb5 c5 14. Na3 Bg4 15. Re1 Qd7 16. Nc4 Nd5 17. Nd2 Bh3 18. Bf3 Rad8 19. a3 b6 20. Qc2 g6 21. Qb1 Bg7 22. Qa1 Bg4 23. b4 Nc3 24. Bxg4 Qxg4 25. Bxc3 dxc3 26. Ne4 c4 27. Nxc3 cxd3 28. exd3 Rxe1+ 29. Rxe1 Qd4 30. Re7 Qxc3 31. Qd1 Qxa3 32. Qf3 Rf8 33. Kg2 Qxb4 34. Rxa7 h5 35. h4 Qd4 36. Rb7 Bf6 37. Qc6 Kg7 38. Rxb6 Rd8 39. Ra6 Qd5+ 40. Qxd5 Rxd5 41. Ra3 Bd4 42. Rb3 Rc5 43. f4 Bf6 44. Kf3 Rc3 45. Rxc3 Bxc3 46. g4 hxg4+ 47. Kxg4 f5+ 48. Kh3 Bd2 49. Kg3 Kf6 50. Kf3 Ke6 51. Kg3 Kd5 52. h5 gxh5 53. Kh4 Bxf4 54. Kxh5 Bd2 55. Kh4 f4 56. Kg4 Kd4 57. Kf3 Kxd3 58. Kf2 Be3+ 59. Kf3 Kd4 60. Ke2 Ke4 61. Ke1 f3 62. Kf1 Kf4 63. Ke1 Kg3 64. Kf1 f2 65. Ke2 Kg2 66. Kxe3 f1=Q 67. Kd4 Qf3 68. Kc4 Qe3 0-1


[Site "https://www.chess.com"]

[Event "Titled Tuesday Blitz June 28 Early 2022"]
[White "Aggelis, Nikolaos"]
[Black "Novikova, Galina"]
[WhiteFideId "4213220"]
[BlackFideId "4157095"]
[WhiteElo "2154"]
[BlackElo "1863"]
[Result "1-0"]
[Round "07"]
[TimeControl "180+1"]
[Date "2022.06.28"]
[WhiteClock "0:00:46"]
[BlackClock "0:00:09"]

1. d4 Nf6 2. g3 d5 3. Bg2 c6 4. Nf3 Bf5 5. c4 e6 6. Nc3 Nbd7 7. Qb3 b6 8. c5 bxc5 9. O-O Be7 10. Qa4 Qc8 11. Be3 c4 12. b3 cxb3 13. axb3 O-O 14. Rfc1 Qb7 15. Nh4 Bg4 16. h3 Bh5 17. g4 Bg6 18. Nxg6 hxg6 19. Bf4 Nb6 20. Qa6 Qd7 21. Na4 Bd6 22. Nc5 Qe7 23. Bxd6 Qxd6 24. Nb7 Qc7 25. Na5 Rfc8 26. Rxc6 Qf4 27. e3 Qg5 28. Rac1 Re8 29. Rc7 e5 30. dxe5 Qxe5 31. Rxa7 Rxa7 32. Qxa7 Nbd7 33. Qd4 Qb8 34. b4 Nb6 35. Nc6 Qb7 36. b5 Ne4 37. Ra1 Nc4 38. Qxd5 Ncd2 39. Ra7 1-0


[Site "https://www.chess.com"]

[Event "Titled Tuesday Blitz June 28 Early 2022"]
[White "Alinasab, Mobina"]
[Black "Hamley, Ryan"]
[WhiteFideId "12528897"]
[BlackFideId "30959497"]
[WhiteElo "2031"]
[BlackElo "2484"]
[Result "1-0"]
[Round "07"]
[TimeControl "180+1"]
[Date "2022.06.28"]
[WhiteClock "0:00:08"]
[BlackClock "0:00:01"]

1. Nf3 Nf6 2. g3 e6 3. Bg2 d5 4. O-O Be7 5. d4 O-O 6. b3 c5 7. Bb2 Nc6 8. dxc5 Bxc5 9. Ne5 Qc7 10. Nxc6 bxc6 11. c4 Ba6 12. Qc2 Rab8 13. Nd2 e5 14. cxd5 cxd5 15. Rfc1 Rbc8 16. Qf5 Qe7 17. Bxe5 Bxf2+ 18. Kxf2 Qxe5 19. Qxe5 Ng4+ 20. Ke1 Nxe5 21. Bxd5 Ng4 22. Bc4 Bxc4 23. Rxc4 Rxc4 24. Nxc4 Nxh2 25. Rd1 Ng4 26. Rd7 Ra8 27. Nd6 Ne5 28. Re7 Nc6 29. Rc7 Ne5 30. Nc8 a5 31. Nb6 Rb8 32. Rc5 Re8 33. Rxa5 h5 34. Nd5 1-0


[Site "https://www.chess.com"]

[Event "Titled Tuesday Blitz June 28 Early 2022"]
[White "Al-Tarboush, Ward"]
[Black "Nenezic, Marko"]
[WhiteFideId "7601450"]
[BlackFideId "912123"]
[WhiteElo "2249"]
[BlackElo "2432"]
[Result "0-1"]
[Round "07"]
[TimeControl "180+1"]
[Date "2022.06.28"]
[WhiteClock "0:00:08"]
[BlackClock "0:01:26"]

1. e4 c5 2. Nf3 d6 3. d4 cxd4 4. Nxd4 Nf6 5. Nc3 a6 6. h3 e6 7. g4 Nfd7 8. Be3 b5 9. a4 b4 10. Nce2 Bb7 11. Bg2 Be7 12. Qd2 Nc5 13. Qxb4 d5 14. O-O dxe4 15. Rad1 Qc8 16. Qc3 Nbd7 17. a5 Nf6 18. b4 Nd5 19. Qb2 Na4 20. Qb3 Nac3 21. Nxc3 Nxc3 22. Rd2 Bd5 23. Qb2 Rb8 24. b5 axb5 25. Nb3 O-O 26. Bd4 b4 27. Qa1 Ra8 28. Qe1 f5 29. gxf5 Bxb3 30. cxb3 exf5 31. Bb6 Bc5 32. Rc2 Bxb6 33. axb6 Qc5 34. Qe3 Qb5 35. Rd2 f4 36. Qd4 f3 37. Bh1 Qg5+ 38. Kh2 Rad8 39. Qc4+ Kh8 40. Rxd8 Qf4+ 41. Kg1 Rxd8 42. b7 Ne2+ 43. Qxe2 fxe2 44. Ra1 Rd1+ 0-1


[Site "https://www.chess.com"]

[Event "Titled Tuesday Blitz June 28 Early 2022"]
[White "Andreikin, Dmitry"]
[Black "Fedoseev, Vladimir"]
[WhiteFideId "4158814"]
[BlackFideId "24130737"]
[WhiteElo "2736"]
[BlackElo "2726"]
[Result "1-0"]
[Round "07"]
[TimeControl "180+1"]
[Date "2022.06.28"]
[WhiteClock "0:00:23"]
[BlackClock "0:00:02"]

1. d4 Nf6 2. c4 g6 3. Nc3 d5 4. cxd5 Nxd5 5. e4 Nxc3 6. bxc3 Bg7 7. Be3 c5 8. Qd2 O-O 9. Nf3 Qa5 10. Rb1 a6 11. Rc1 Rd8 12. d5 e6 13. Bg5 f6 14. Be3 Nc6 15. Bd3 exd5 16. exd5 c4 17. Bxc4 Be6 18. Rd1 Ne7 19. dxe6 Rxd2 20. Rxd2 Qxc3 21. Bb3 a5 22. O-O a4 23. Bxa4 Nf5 24. Bb3 Kh8 25. Rc2 Qd3 26. Rd2 Qc3 27. Bd4 Qb4 28. Rfd1 Re8 29. Bb2 h5 30. h3 Kh7 31. Rd7 Kh6 32. Nd4 Ne7 33. Bc1+ Kh7 34. Bf4 Nf5 35. Nxf5 gxf5 36. Bd6 Qb5 37. Ba3 Kg6 38. e7 Qe2 39. Bb4 Bh6 40. Re1 Qb5 41. Rd4 Qb6 42. Red1 Qc6 43. Rd8 Rxe7 44. Bxe7 h4 45. Rg8+ Kh7 46. Rgd8 Bf4 47. R8d5 Kg6 48. Bc5 Qb5 49. Bc2 Qc4 50. Bxf5+ Kh6 51. Bf8+ 1-0


[Site "https://www.chess.com"]

[Event "Titled Tuesday Blitz June 28 Early 2022"]
[White "Aradhya, Garg"]
[Black "Kozlov, Oleg"]
[WhiteFideId "25006746"]
[BlackFideId "4104544"]
[WhiteElo "2203"]
[BlackElo "2132"]
[Result "0-1"]
[Round "07"]
[TimeControl "180+1"]
[Date "2022.06.28"]
[WhiteClock "0:01:07"]
[BlackClock "0:01:29"]

1. d4 f5 2. g3 Nf6 3. Bg2 g6 4. Nd2 Bg7 5. e4 fxe4 6. Nxe4 Nxe4 7. Bxe4 O-O 8. Ne2 d5 9. Bg2 c6 10. O-O e5 11. c4 dxc4 12. dxe5 Qxd1 13. Rxd1 Bg4 14. f3 Bxf3 15. Bxf3 Rxf3 16. e6 Rd3 17. Re1 Na6 18. Nf4 Rd6 19. Rb1 Re8 20. b3 c3 21. Ba3 c5 22. Rbd1 Bd4+ 23. Kg2 g5 24. Rxd4 Rxd4 25. Nh5 Re7 26. Re5 h6 27. Nf6+ Kg7 28. Nd5 Re8 29. Bc1 Nb4 30. Ne3 Nd3 31. Rxc5 Nxc5 32. Nf5+ Kf6 33. Nxd4 Nxe6 34. Nb5 c2 35. Kf3 Rd8 36. Bb2+ Ke7 37. Ba3+ Kf7 38. Nc3 Rd1 39. Ne2 Nd4+ 40. Nxd4 Rxd4 41. Ke2 Rd1 0-1


[Site "https://www.chess.com"]

[Event "Titled Tuesday Blitz June 28 Early 2022"]
[White "Araujo Sanchez, Josue"]
[Black "Ozdemir, Serhan Berat"]
[WhiteFideId "6416896"]
[BlackFideId "6374611"]
[WhiteElo "2339"]
[BlackElo "1920"]
[Result "1-0"]
[Round "07"]
[TimeControl "180+1"]
[Date "2022.06.28"]
[WhiteClock "0:01:29"]
[BlackClock "0:00:03"]

1. Nf3 Nf6 2. c4 g6 3. b3 Bg7 4. Bb2 O-O 5. g3 d6 6. Bg2 e5 7. O-O c6 8. d4 e4 9. Nfd2 Re8 10. e3 Bf5 11. Nc3 Qe7 12. h3 h5 13. Re1 Nbd7 14. f3 d5 15. fxe4 Nxe4 16. Ndxe4 dxe4 17. Rf1 Qg5 18. Qe1 Bh6 19. Bc1 c5 20. Nd5 Bg7 21. h4 Qd8 22. Bb2 cxd4 23. exd4 Nb6 24. Rxf5 gxf5 25. Ne3 Bxd4 26. Bxd4 Qxd4 27. Rd1 Qc5 28. Qf2 Rad8 29. Rf1 Rd3 30. Re1 Red8 31. Qf4 Kf8 32. Kh2 R8d6 33. Nxf5 Rf6 34. Bxe4 Rd8 35. Re2 Nd7 36. Qg5 Qe5 37. Qg7+ Ke8 38. Qg8+ Nf8 39. Bc6+ bxc6 40. Rxe5+ Re6 41. Rxe6+ fxe6 42. Ne3 Rd2+ 43. Kh3 Ke7 44. Qg7+ Ke8 45. c5 Rd7 46. Qe5 Rf7 47. Nc4 Nd7 48. Nd6+ Ke7 49. Qg5+ Rf6 50. Ne4 1-0


[Site "https://www.chess.com"]

[Event "Titled Tuesday Blitz June 28 Early 2022"]
[White "Ardila, Oscar Humberto"]
[Black "Hafiz, Arif Abdul"]
[WhiteFideId "4404742"]
[BlackFideId "7104227"]
[WhiteElo "1956"]
[BlackElo "2198"]
[Result "0-1"]
[Round "07"]
[TimeControl "180+1"]
[Date "2022.06.28"]
[WhiteClock "0:02:09"]
[BlackClock "0:01:52"]

1. d4 c5 2. d5 Nf6 3. c4 d6 4. Nc3 e5 5. e4 Be7 6. Be2 O-O 7. Nf3 a6 8. a4 Ne8 9. Be3 f5 10. exf5 Bxf5 11. Qd2 Nd7 12. h3 e4 13. Nh4 Bxh4 14. g3 Bf6 15. O-O-O Ne5 16. g4 Bg6 17. Rdg1 Nf3 18. Bxf3 exf3 19. h4 Qa5 20. h5 Bxc3 21. bxc3 Be4 22. Kb2 Qxa4 23. Ra1 Qxc4 24. Rhd1 Nf6 25. Bf4 Qb5+ 26. Kc1 Nxd5 27. Bxd6 Rfd8 28. Be5 Nb6 29. Qg5 Rxd1+ 30. Kxd1 Qe2+ 31. Kc1 Qc2# 0-1


[Site "https://www.chess.com"]

[Event "Titled Tuesday Blitz June 28 Early 2022"]
[White "Atabayev, Saparmyrat"]
[Black "De La Colina, Nicolas"]
[WhiteFideId "14000571"]
[BlackFideId "30946921"]
[WhiteElo "2483"]
[BlackElo "2046"]
[Result "1-0"]
[Round "07"]
[TimeControl "180+1"]
[Date "2022.06.28"]
[WhiteClock "0:00:56"]
[BlackClock "0:00:03"]

1. e4 c5 2. Nf3 Nc6 3. d4 cxd4 4. Nxd4 Nf6 5. Nc3 d6 6. Bg5 Bd7 7. Qd2 h6 8. Bxf6 gxf6 9. O-O-O Nxd4 10. Qxd4 Qa5 11. Bc4 Rc8 12. Bb3 Qc5 13. Qd2 f5 14. exf5 Bxf5 15. Rhe1 Bg7 16. Nd5 Be6 17. Qe2 Kf8 18. Rd3 b5 19. Nxe7 Qg5+ 20. Kb1 Qxe7 21. Rf3 Re8 22. Bxe6 Qxe6 23. Qxe6 Rxe6 24. Rxe6 Be5 25. Rf5 f6 26. Rexe5 dxe5 27. Rxf6+ Ke7 28. Ra6 Rg8 29. g3 Rf8 30. Rxa7+ Kd6 31. Ra6+ Kc5 32. Rxh6 Rxf2 33. Kc1 Kd4 34. Rd6+ Ke3 35. Rd3+ Ke4 36. b3 Rxh2 37. a4 bxa4 38. bxa4 Rh6 39. a5 Ra6 40. Ra3 Kd4 41. Kd2 Ke4 42. Ke2 Kf5 43. Ra4 Rc6 44. a6 Rxc2+ 45. Kd3 Rc8 46. a7 Rd8+ 47. Ke3 Ra8 48. g4+ Kg5 49. Ke4 Kxg4 50. Kxe5+ Kg3 51. Kd6 Kf2 52. Kc7 Rxa7+ 53. Rxa7 1-0


[Site "https://www.chess.com"]

[Event "Titled Tuesday Blitz June 28 Early 2022"]
[White "Balint, Vilmos"]
[Black "Harsh Suresh"]
[WhiteFideId "718050"]
[BlackFideId "45018464"]
[WhiteElo "2059"]
[BlackElo "2059"]
[Result "0-1"]
[Round "07"]
[TimeControl "180+1"]
[Date "2022.06.28"]
[WhiteClock "0:00:18"]
[BlackClock "0:00:06"]

1. e4 g6 2. d4 Nf6 3. Nc3 d5 4. e5 Ne4 5. Bd2 Nxd2 6. Qxd2 h5 7. O-O-O Bh6 8. f4 e6 9. Kb1 a6 10. Be2 b5 11. g4 hxg4 12. Bxg4 Nd7 13. h4 c5 14. h5 g5 15. f5 cxd4 16. fxe6 fxe6 17. Qd3 Qb6 18. Qg6+ Kd8 19. Nxd5 exd5 20. e6 Bb7 21. Nf3 Nc5 22. e7+ Kc7 23. Nxd4 Qxg6 24. hxg6 Rae8 25. Nf5 Ne4 26. Rh2 Bc8 27. Nxh6 Bxg4 28. Nxg4 Rxh2 29. Nxh2 Rxe7 30. Rxd5 Nf6 31. Rd1 Rg7 32. a4 bxa4 33. Rd4 Rxg6 34. Rxa4 Kb6 35. Rb4+ Kc5 36. Ra4 Kb5 37. Rd4 g4 38. c4+ Kc5 39. Rf4 g3 40. Nf3 g2 41. Ng1 Nd7 42. b3 Kb4 43. Kc2 Nc5 44. Rf2 Rg3 45. Ne2 g1=Q 46. Nxg1 Rxg1 47. Rf8 Rg2+ 48. Kc1 Nxb3+ 49. Kb1 Ka3 50. Rf1 Rb2# 0-1


[Site "https://www.chess.com"]

[Event "Titled Tuesday Blitz June 28 Early 2022"]
[White "Barria Zuniga, Daniel"]
[Black "Miller, Eduard"]
[WhiteFideId "3400816"]
[BlackFideId "24687022"]
[WhiteElo "2414"]
[BlackElo "2299"]
[Result "1-0"]
[Round "07"]
[TimeControl "180+1"]
[Date "2022.06.28"]
[WhiteClock "0:01:06"]
[BlackClock "0:00:02"]

1. d4 Nf6 2. c4 g6 3. Nc3 Bg7 4. e4 d6 5. Be2 O-O 6. Nf3 e5 7. d5 a5 8. Bg5 Na6 9. Nd2 Qe8 10. O-O Nd7 11. a3 f5 12. f3 f4 13. Bh4 Bf6 14. Bf2 g5 15. b4 b6 16. c5 bxc5 17. Nb5 cxb4 18. axb4 axb4 19. Qc2 Bd8 20. Rfc1 Ndc5 21. Nb3 Bd7 22. Nxc5 dxc5 23. Qc4 Be7 24. Rxa6 Bxb5 25. Qxb5 Qxb5 26. Bxb5 Rxa6 27. Bxa6 Ra8 28. Bc4 Ra3 29. d6+ Kf8 30. dxc7 1-0


[Site "https://www.chess.com"]

[Event "Titled Tuesday Blitz June 28 Early 2022"]
[White "Begunov, Konstantin"]
[Black "Thorhallsson, Simon"]
[WhiteFideId "4118510"]
[BlackFideId "2310090"]
[WhiteElo "2262"]
[BlackElo "2137"]
[Result "0-1"]
[Round "07"]
[TimeControl "180+1"]
[Date "2022.06.28"]
[WhiteClock "0:00:01"]
[BlackClock "0:00:04"]

1. d4 Nf6 2. c4 e5 3. dxe5 Ng4 4. Bf4 Nc6 5. Nf3 Bb4+ 6. Nbd2 Qe7 7. e3 Ngxe5 8. Nxe5 Nxe5 9. Be2 a5 10. O-O a4 11. Ne4 a3 12. bxa3 Bxa3 13. c5 O-O 14. Qc2 Re8 15. Rfd1 Ng6 16. f3 Nxf4 17. exf4 d6 18. cxd6 cxd6 19. Bc4 Bf5 20. Bd5 h6 21. Qb3 Bxe4 22. fxe4 Bc5+ 23. Kh1 Qh4 24. Qxb7 Ra7 25. Qc6 Rf8 26. Rf1 Qe7 27. a4 Rb8 28. a5 Rb4 29. a6 Rb6 30. Qc8+ Kh7 31. Qf5+ Kg8 32. Bc4 Rb8 33. Qd5 Re8 34. f5 Qxe4 35. Qxe4 Rxe4 36. Bd5 Re5 37. Bb7 Kf8 38. h3 Ke7 39. Rf3 Kf6 40. Rc1 Rxf5 41. Rxf5+ Kxf5 42. Rf1+ Ke6 43. g4 g6 44. Kg2 f5 45. Kf3 g5 46. Re1+ Kf6 47. gxf5 Kxf5 48. Bc8+ Kf6 49. Re6+ Kg7 50. Kg4 Rc7 51. Bb7 Rf7 52. Bd5 Rf4+ 53. Kg3 Ra4 54. Re7+ Kf6 55. Re6+ Kf5 0-1


[Site "https://www.chess.com"]

[Event "Titled Tuesday Blitz June 28 Early 2022"]
[White "Bettalli, Francesco"]
[Black "Nilsson, Joakim"]
[WhiteFideId "2816453"]
[BlackFideId "1723383"]
[WhiteElo "2216"]
[BlackElo "2210"]
[Result "0-1"]
[Round "07"]
[TimeControl "180+1"]
[Date "2022.06.28"]
[WhiteClock "0:01:56"]
[BlackClock "0:01:47"]

1. d4 Nf6 2. Nc3 e6 3. Bg5 d5 4. e4 dxe4 5. Nxe4 Nbd7 6. Nf3 Be7 7. Ng3 b6 8. Bd3 Bb7 9. O-O h6 10. Bf4 Bd6 11. Qd2 Bxf4 12. Qxf4 O-O 13. Rfd1 Rc8 14. Ne5 Qe7 15. c4 c5 16. d5 exd5 17. Nxd7 Nxd7 18. Nf5 Qf6 19. Qg3 Ne5 20. cxd5 Nxd3 21. Rxd3 Qxf5 22. Rad1 Rcd8 23. d6 Rd7 24. Re3 Rfd8 25. h3 Qf6 26. Red3 Qxb2 27. a3 Qf6 28. Kh2 c4 29. R3d2 c3 30. Rc2 Rxd6 31. Rxd6 Qxd6 32. f4 Rc8 33. h4 Rc4 34. Rxc3 Rxc3 35. Qxc3 Qxf4+ 36. Kh3 h5 37. Qc7 Qg4+ 38. Kh2 Qxg2# 0-1


[Site "https://www.chess.com"]

[Event "Titled Tuesday Blitz June 28 Early 2022"]
[White "Bolanos, Fernando"]
[Black "D`Arruda, Ricardo D."]
[WhiteFideId "3304094"]
[BlackFideId "100692"]
[WhiteElo "2048"]
[BlackElo "2472"]
[Result "1-0"]
[Round "07"]
[TimeControl "180+1"]
[Date "2022.06.28"]
[WhiteClock "0:02:20"]
[BlackClock "0:00:14"]

1. e4 c5 2. Nf3 e6 3. d4 cxd4 4. Nxd4 d6 5. c4 Nf6 6. Nc3 Be7 7. Be3 Nc6 8. Be2 a6 9. O-O Qc7 10. Rc1 Qb8 11. Qd2 Bd7 12. f3 O-O 13. Rfd1 Rd8 14. a3 b6 15. b4 Qb7 16. Qe1 Be8 17. Qf2 Rac8 18. Nxc6 Rxc6 19. b5 axb5 20. cxb5 Rc5 21. Bxc5 bxc5 22. a4 Ra8 23. Ra1 Bd8 24. Nb1 Ba5 25. Nd2 d5 26. Nb3 Bb6 27. a5 Ba7 28. b6 Bb8 29. Nxc5 Qc6 30. Rdc1 Qd6 31. g3 Bc6 32. a6 dxe4 33. fxe4 Nxe4 34. Nxe4 Bxe4 35. Rc8+ Qf8 36. Qc5 1-0


[Site "https://www.chess.com"]

[Event "Titled Tuesday Blitz June 28 Early 2022"]
[White "Bringas Gomez, Artai"]
[Black "Vidonyak, Roman"]
[WhiteFideId "24534064"]
[BlackFideId "14100622"]
[WhiteElo "1988"]
[BlackElo "2328"]
[Result "1-0"]
[Round "07"]
[TimeControl "180+1"]
[Date "2022.06.28"]
[WhiteClock "0:00:14"]
[BlackClock "0:00:01"]

1. e4 c5 2. Nf3 d6 3. d4 cxd4 4. Nxd4 Nf6 5. Nc3 a6 6. h3 e5 7. Nb3 Be6 8. g4 h6 9. Bg2 Be7 10. Be3 Nbd7 11. Qd2 O-O 12. O-O-O a5 13. Kb1 Nb6 14. Bf1 a4 15. Nc1 d5 16. Bxb6 Qxb6 17. exd5 Ba3 18. Bb5 Nxd5 19. Nxd5 Qxb5 20. c4 Qxc4 21. bxa3 Qe4+ 22. Ka1 b5 23. Nc3 Qc6 24. Nd3 Rfc8 25. Rc1 Qc4 26. Nxe5 Qc5 27. Qe3 Qe7 28. f4 Qxa3 29. Nd5 Rxc1+ 30. Rxc1 Qf8 31. Nc7 Rc8 32. Nxe6 fxe6 33. Nc6 Re8 34. Kb2 Qf6+ 35. Qe5 Qf7 36. a3 Qb7 37. f5 1-0


[Site "https://www.chess.com"]

[Event "Titled Tuesday Blitz June 28 Early 2022"]
[White "Cherniaiev, Tykhon"]
[Black "Bortnyk, Mykola"]
[WhiteFideId "14182360"]
[BlackFideId "14120836"]
[WhiteElo "2289"]
[BlackElo "2582"]
[Result "1-0"]
[Round "07"]
[TimeControl "180+1"]
[Date "2022.06.28"]
[WhiteClock "0:00:26"]
[BlackClock "0:00:19"]

1. Nf3 c5 2. c4 g6 3. g3 Bg7 4. Bg2 Nc6 5. O-O Nf6 6. Nc3 O-O 7. d4 cxd4 8. Nxd4 a6 9. b3 Nxd4 10. Qxd4 d5 11. Bb2 Ne4 12. Qd3 Bf5 13. Bxe4 dxe4 14. Qe3 Qa5 15. Rfd1 e6 16. a3 Rac8 17. b4 Qc7 18. c5 h5 19. Rd2 Qc6 20. Rad1 Kh7 21. Rd6 Qc7 22. Rd7 Qb8 23. Na4 Bh6 24. Qd4 h4 25. Qf6 e3 26. Rxf7+ Rxf7 27. Qxf7+ Bg7 28. Qxg7# 1-0


[Site "https://www.chess.com"]

[Event "Titled Tuesday Blitz June 28 Early 2022"]
[White "Costachi, Mihnea"]
[Black "Ajay Krishna, S"]
[WhiteFideId "1217518"]
[BlackFideId "5096430"]
[WhiteElo "2476"]
[BlackElo "2247"]
[Result "0-1"]
[Round "07"]
[TimeControl "180+1"]
[Date "2022.06.28"]
[WhiteClock "0:01:37"]
[BlackClock "0:01:42"]

1. e4 e5 2. Nf3 Nc6 3. Bc4 Bc5 4. b4 Bb6 5. O-O Nf6 6. c3 O-O 7. a4 a6 8. a5 Ba7 9. d4 d6 10. Bg5 h6 11. dxe5 Nxe5 12. Nxe5 hxg5 13. Ng6 Re8 14. h4 Rxe4 15. hxg5 Rxc4 16. gxf6 Qxf6 17. Qe2 Be6 18. Nd2 Rg4 19. Ne7+ Qxe7 20. Rae1 Qg5 21. Qxg4 Qxg4 0-1


[Site "https://www.chess.com"]

[Event "Titled Tuesday Blitz June 28 Early 2022"]
[White "Cruz, Cristhian"]
[Black "Gueci, Tea"]
[WhiteFideId "3801969"]
[BlackFideId "872342"]
[WhiteElo "2497"]
[BlackElo "2142"]
[Result "1-0"]
[Round "07"]
[TimeControl "180+1"]
[Date "2022.06.28"]
[WhiteClock "0:00:06"]
[BlackClock "0:00:09"]

1. d4 Nf6 2. c4 c5 3. d5 e6 4. Nc3 exd5 5. cxd5 d6 6. Nf3 g6 7. Bf4 a6 8. a4 Bg7 9. e3 O-O 10. h3 Qe7 11. Nd2 Nbd7 12. Be2 Ne5 13. O-O Nfd7 14. Bh2 f5 15. Re1 b6 16. Rb1 Bb7 17. Bf1 Rac8 18. f4 Nf7 19. e4 Bd4+ 20. Kh1 fxe4 21. Ndxe4 Qd8 22. Bd3 Nf6 23. Qf3 Nxd5 24. Nxd5 Bxd5 25. Nf6+ Qxf6 26. Qxd5 Rce8 27. Bxa6 Re7 28. Bc4 Kg7 29. Rxe7 Qxe7 30. b4 Re8 31. Bg3 Nh6 32. bxc5 Nf5 33. cxd6 Nxg3+ 34. Kh2 Qf6 35. d7 Rd8 36. Kxg3 Be3 37. Qe4 g5 38. Qxe3 Rxd7 39. fxg5 Qd6+ 40. Kf2 Re7 41. Qc3+ Kf8 42. Qf6+ Ke8 43. Qxd6 Rd7 44. Bb5 1-0


[Site "https://www.chess.com"]

[Event "Titled Tuesday Blitz June 28 Early 2022"]
[White "Csonka, Balazs"]
[Black "Vokhidov, Shamsiddin"]
[WhiteFideId "742910"]
[BlackFideId "14204223"]
[WhiteElo "2404"]
[BlackElo "2611"]
[Result "0-1"]
[Round "07"]
[TimeControl "180+1"]
[Date "2022.06.28"]
[WhiteClock "0:00:02"]
[BlackClock "0:00:45"]

1. Nf3 c5 2. c4 g6 3. Nc3 Bg7 4. g3 Nf6 5. Bg2 d5 6. cxd5 Nxd5 7. Nxd5 Qxd5 8. O-O Nc6 9. d3 O-O 10. Be3 Bd7 11. Nd4 Qd6 12. Nxc6 Bxc6 13. Bxc6 Qxc6 14. Rc1 Qe6 15. Rxc5 Qxa2 16. Qa1 Qxa1 17. Rxa1 Bxb2 18. Rb1 b6 19. Rc7 Bf6 20. g4 Rfc8 21. Rbc1 Rxc7 22. Rxc7 a5 23. g5 Bg7 24. Bxb6 a4 25. Rc2 a3 26. Ra2 Bb2 27. Kg2 Kf8 28. Kf3 Ke8 29. Bc5 Ra5 30. d4 e5 31. e3 exd4 32. exd4 Kd7 33. Ke4 Ke6 34. f3 Ra4 35. h3 Bc1 36. h4 Bb2 37. Bb6 Kd6 38. Bc5+ Kc6 39. Ke5 Ra5 40. Ke4 Ra8 41. Bb4 Re8+ 42. Kd3 Ra8 43. Kc4 Kd7 44. d5 Ra6 45. Kb3 Rb6 46. Kc4 Bc1 47. Bxa3 Ra6 0-1


[Site "https://www.chess.com"]

[Event "Titled Tuesday Blitz June 28 Early 2022"]
[White "Daneshvar, Bardiya"]
[Black "Narayanan.S.L"]
[WhiteFideId "12576468"]
[BlackFideId "5058422"]
[WhiteElo "2303"]
[BlackElo "2494"]
[Result "0-1"]
[Round "07"]
[TimeControl "180+1"]
[Date "2022.06.28"]
[WhiteClock "0:00:05"]
[BlackClock "0:00:16"]

1. Nf3 Nc6 2. d4 d5 3. c4 e5 4. cxd5 Qxd5 5. Nc3 Bb4 6. a3 Bxc3+ 7. bxc3 e4 8. Ng1 Nf6 9. e3 O-O 10. c4 Qg5 11. Rb1 a6 12. h4 Qg6 13. h5 Qh6 14. Be2 Rd8 15. Qc2 b6 16. Qc3 Qg5 17. Kf1 h6 18. Bb2 Bg4 19. d5 Na5 20. Bxg4 Nxg4 21. Nh3 Qf6 22. Qxa5 bxa5 23. Bxf6 Nxf6 24. Nf4 c6 25. dxc6 Rac8 26. Ke2 Rxc6 27. Rhc1 Rdc8 28. Kd2 Ng4 29. Nd5 Kf8 30. Nb6 Rd8+ 31. Ke2 Ne5 32. Rc3 Rd3 33. Rc2 Rxa3 34. Nd5 Rc8 35. c5 Rd3 36. Nb6 Rc6 37. f4 Ng4 38. Nc4 Rxc5 39. Rb8+ Ke7 40. Rb7+ Rd7 41. Rxd7+ Kxd7 42. Ne5+ Kd6 43. Nxf7+ Kc6 44. Nd8+ Kb6 45. Rb2+ Rb5 46. Rc2 Rb3 47. Ne6 Rxe3+ 48. Kd2 Rd3+ 49. Ke2 Re3+ 50. Kd2 Rg3 51. Kc1 Ne3 52. Re2 a4 53. Nxg7 a3 54. Ne6 Kc6 55. Nd4+ Kd5 56. Nc2 Nc4 57. Nb4+ Kc5 58. Nxa6+ Kb5 59. Nc7+ Ka4 60. Nd5 Rd3 61. Nf6 e3 62. Ne4 Rd4 63. Nc3+ Kb3 64. Na2 Rd2 65. Rxe3+ Nxe3 66. Kxd2 Kxa2 67. Kxe3 Kb3 0-1


[Site "https://www.chess.com"]

[Event "Titled Tuesday Blitz June 28 Early 2022"]
[White "Dankhazi, Andras"]
[Black "Coto Mederos, Michel"]
[WhiteFideId "714267"]
[BlackFideId "3508528"]
[WhiteElo "2325"]
[BlackElo "2427"]
[Result "1/2-1/2"]
[Round "07"]
[TimeControl "180+1"]
[Date "2022.06.28"]
[WhiteClock "0:00:23"]
[BlackClock "0:00:21"]

1. e4 e5 2. Nc3 Nf6 3. d4 exd4 4. Qxd4 Nc6 5. Qd2 Bb4 6. Bd3 d5 7. exd5 Nxd5 8. Nge2 O-O 9. O-O Nxc3 10. Nxc3 Be6 11. Qg5 Bxc3 12. bxc3 h6 13. Qg3 Kh8 14. Bf4 Qf6 15. Be4 Rac8 16. Bxc7 Bf5 17. Bxc6 Qxc6 18. Be5 f6 19. Bd4 Bxc2 20. Rfe1 Rfe8 21. h4 Qc4 22. Bxa7 Rxe1+ 23. Rxe1 Qxa2 24. Bd4 Qf7 25. Qe3 Ba4 26. Ra1 Bc6 27. Re1 Qg6 28. Qg3 Qxg3 29. fxg3 Re8 30. Rxe8+ Bxe8 31. Kf2 Bc6 32. Bc5 h5 33. Bf8 Kg8 34. Bb4 Kf7 35. Bc5 Ke6 36. Bb4 g6 37. Bc5 Kd5 38. Bb4 f5 39. Be7 Kc4 40. Bb4 Be4 41. Kf1 Kd3 42. Kf2 Kd2 43. Ba5 Kd3 44. Bb4 Kc4 45. Ba5 b5 46. Bb4 Kd3 47. Ba5 Kc4 48. Bb4 Kd3 49. Ba5 Kc4 1/2-1/2


[Site "https://www.chess.com"]

[Event "Titled Tuesday Blitz June 28 Early 2022"]
[White "Deac, Bogdan-Daniel"]
[Black "Beerdsen, Thomas"]
[WhiteFideId "1226380"]
[BlackFideId "1030108"]
[WhiteElo "2648"]
[BlackElo "2585"]
[Result "1-0"]
[Round "07"]
[TimeControl "180+1"]
[Date "2022.06.28"]
[WhiteClock "0:00:07"]
[BlackClock "0:00:33"]

1. d4 d5 2. Nf3 Nc6 3. Bf4 Bg4 4. e3 e6 5. c4 Nf6 6. Nc3 Bb4 7. Rc1 O-O 8. Be2 dxc4 9. Bxc4 Nd5 10. Bg3 Na5 11. Be2 c5 12. Bh4 Qb6 13. O-O Bxf3 14. Bxf3 cxd4 15. Nxd5 exd5 16. Qxd4 Qxd4 17. exd4 Nc6 18. Rfd1 Rac8 19. Bxd5 Nxd4 20. Rxc8 Rxc8 21. Bxb7 Rc2 22. Kf1 Ne6 23. Rb1 g5 24. Bg3 h5 25. Be4 Rd2 26. f3 Nf4 27. Be1 Rd4 28. Bf2 Rd2 29. Be3 Rd7 30. h4 Bd2 31. Rd1 Bxe3 32. Rxd7 gxh4 33. Bd5 Kg7 34. Rxf7+ Kg6 35. Bc4 Kg5 36. Rg7+ Kf6 37. Rf7+ Ke5 38. Re7+ Kd4 39. Re4+ Kc5 40. Rxe3 h3 41. gxh3 1-0


[Site "https://www.chess.com"]

[Event "Titled Tuesday Blitz June 28 Early 2022"]
[White "Dixit, Arun"]
[Black "Karaev, Seit-Amet"]
[WhiteFideId "30937671"]
[BlackFideId "4169549"]
[WhiteElo "2398"]
[BlackElo "2272"]
[Result "0-1"]
[Round "07"]
[TimeControl "180+1"]
[Date "2022.06.28"]
[WhiteClock "0:00:20"]
[BlackClock "0:01:10"]

1. d4 Nf6 2. c4 c5 3. d5 b5 4. cxb5 a6 5. bxa6 Bxa6 6. Nc3 Qa5 7. Bd2 g6 8. e4 Bg7 9. Nf3 O-O 10. Be2 Bxe2 11. Qxe2 Qa6 12. Qxa6 Nxa6 13. O-O d6 14. e5 Nd7 15. exd6 exd6 16. Ne4 Bxb2 17. Rab1 Be5 18. Nxe5 dxe5 19. Rb7 Nab8 20. Rfb1 Rxa2 21. Bh6 Rc8 22. Nd6 Rd8 23. Bg5 f6 24. Bxf6 Nxf6 25. Rxb8 Rxb8 26. Rxb8+ Kg7 27. Rb7+ Kh6 28. Nf7+ Kh5 29. h3 e4 30. g4+ Kh4 31. d6 Rd2 32. Ne5 Rxd6 33. Kg2 Rd2 34. Nc4 Rd7 35. Ne3 Rxb7 36. Kh2 Rb3 37. Ng2+ Kg5 38. h4+ 0-1


[Site "https://www.chess.com"]